[Event "*** SCC Grand Prix: Titled Tuesday Blitz"]
[Site "Chess.com"]
[Date "2020.08.11"]
[Round "3"]
[White "Region_07"]
[Black "Legendinunknown"]
[Result "1-0"]
[WhiteElo "2400"]
[BlackElo "2575"]
[TimeControl "180+1"]
[EndTime "10:30:15 PDT"]
[Termination "Region_07 won by checkmate"]

1. e4 e5 2. Nf3 Nc6 3. Nc3 Nf6 4. d4 exd4 5. Nxd4 Bb4 6. Nxc6 bxc6 7. Bd3 O-O 8. O-O d5 9. exd5 cxd5 10. a3 Be7 11.
Bf4 c6 12. h3 Be6 13. Qf3 h6 14. Rfe1 Bd6 15. Rad1 Rb8 16. b4 Bxf4 17. Qxf4 a5 18. Na4 axb4 19. axb4 Nd7 20. Qd6 Qf6 21. Nc5 Nxc5 22.
Qxc5 Rfc8 23. c3 Ra8 24. Re2 Ra3 25. Re3 Kh8 26. Bf1 g6 27. Rde1 Kg7 28. b5 Ra5 29.
Qb6 Ra2 30. Rf3 Qd8 31. Qd4+ Kg8 32. bxc6 Rxc6 33. Rg3 Ra8 34. Bd3 Qb6 35. Qh4 Ra2 36.
Bxg6 Qxf2+ 37. Kh2 fxg6 38. Rxg6+ Kf7 39. Qxh6 Ke7 40.
Rgxe6+ Kd8 41. Qh8+ Kc7 42. Rxc6+ Kxc6 43. Re6+ Kd7 44. Qe8+ Kc7 45. Rc6+ Kb7 46. Qc8+ Ka7 47. Qd7+ Ka8 48. Rc8# 1-0

[Event "*** SCC Grand Prix: Titled Tuesday Blitz"]
[Site "Chess.com"]
[Date "2020.08.11"]
[Round "3"]
[White "stanyga"]
[Black "OK97"]
[Result "0-1"]
[WhiteElo "2647"]
[BlackElo "2874"]
[TimeControl "180+1"]
[EndTime "10:30:16 PDT"]
[Termination "OK97 won by resignation"]

1. e4 g6 2. d4 Bg7 3. Nc3 d6 4. f4 Nf6 5. Nf3 O-O 6. Bd3 Nc6 7. d5 Nb4 8. O-O c6 9. dxc6 Qb6+ 10. Kh1 bxc6 11. Qe2 Nxd3 12. cxd3 Rb8 13. Rb1 Ba6 14. Be3 Qb7 15. Qd2 c5 16. b3 d5 17. e5 d4 18.
exf6 dxc3 19. Qxc3 Bxf6 20. Ne5 Rfd8 21. Rfd1 Rd5 22.
Bxc5 g5 23. d4 gxf4 24. b4 Bxe5 25. dxe5 Rxd1+ 26. Rxd1 Be2 27. Rd4 f3 28. Kg1 Kh8 29.
e6 f6 30. Rd7 Qe4 31. Rxe7 Qb1+ 32. Kf2 Qf1+ 33. Ke3 fxg2 34. Ke4 Rg8 35. Bg1 Rg4+ 36. Kd5 Bc4+ 37. Kd6 Qd1+ 38. Kc7 Rf4 39. Re8+ Kg7 40. Qg3+ Rg4 41. Qe3 Qd5 42. Re7+ Kg6 43. Rd7 Qxe6 44.
Qd4 Rxd4 45. Rxd4 Qe1 46. Rg4+ Kf7 47. Rxg2 Qe7+ 48. Kc6 Qe4+ 49. Kc5 Qxg2 50. Kxc4 Qxg1 0-1

[Event "*** SCC Grand Prix: Titled Tuesday Blitz"]
[Site "Chess.com"]
[Date "2020.08.11"]
[Round "3"]
[White "Kildepiotr"]
[Black "Gabrielian_Artur"]
[Result "1/2-1/2"]
[WhiteElo "2604"]
[BlackElo "2792"]
[TimeControl "180+1"]
[EndTime "10:30:16 PDT"]
[Termination "Game drawn by repetition"]

1. Nf3 c5 2. g3 Nc6 3. Bg2 g6 4. c3 Bg7 5. d4 cxd4 6. cxd4 d5 7. O-O Nf6 8. Nc3 Ne4 9. Qb3 O-O 10. Be3 Na5 11. Qb4 Nxc3 12. Qxc3 Nc4 13. b3 Nxe3 14. Qxe3 Bf5 15. Rfc1 Qd6 16. Ne5 Rfc8 17. h4 a5 18. a4 Be6 19. f4 f6 20. Nd3 b6 21. Rxc8+ Rxc8 22. Rc1 Rxc1+ 23. Qxc1 Bd7 24. Qc3 e6 25. e3 Bf8 26. Bf1 h6 27. Nf2 Bg7 28. Bb5 h5 29. Bxd7 Qxd7 30. Nd3 Bf8 31. Kg2 Kf7 32. Kf3 Bd6 33. Qc2 Qb7 34. Kf2 b5 35.
axb5 Qxb5 36. Ne1 Qb6 37. Nf3 Qc7 38. Qxc7+ Bxc7 39. Ke2 Bd6 40. Kd3 Bb4 41. e4 dxe4+ 42. Kxe4 Ke7 43. d5 f5+ 44. Kd4 exd5 45. Kxd5 Kf6 46.
Nd4 Be1 47. Ne2 Bf2 48. Kd6 Be1 49. Kd5 Ke7 50. Ke5 Bf2 51. Kd5 Kd7 52. Ke5 Ke7 53.
Kd5 Be3 54. Ke5 Bd2 55. Kd5 Be1 56. Ke5 Kf7 57. Kd6 Kf6 58. Kd5 1/2-1/2

[Event "*** SCC Grand Prix: Titled Tuesday Blitz"]
[Site "Chess.com"]
[Date "2020.08.11"]
[Round "3"]
[White "chessdjw"]
[Black "David_Paravyan"]
[Result "0-1"]
[WhiteElo "2611"]
[BlackElo "2882"]
[TimeControl "180+1"]
[EndTime "10:30:17 PDT"]
[Termination "David_Paravyan won on time"]

1. c4 f5 2. g3 Nf6 3. d4 e6 4.
Bg2 c6 5. Nf3 d5 6. O-O Bd6 7. Qc2 O-O 8. Nc3 b6 9. Rb1 Ba6 10.
cxd5 cxd5 11. b4 Nbd7 12. b5 Bb7 13. Qb3 Rc8 14. Ba3 Qe7 15. Bxd6 Qxd6 16. Rfc1 Rc7 17. e3 Rfc8 18. Ne2 Ne4 19. Rxc7 Rxc7 20. Rc1 g5 21. Qb2 Kg7 22. h4 h6 23. hxg5 hxg5 24. Rxc7 Qxc7 25.
Qc1 Qxc1+ 26. Nxc1 a6 27. Bf1 a5 28. Ne2 Bc8 29. Ne1 Nf8 30. f3 Nd2 31. Nc3 Nxf1 32.
Kxf1 Bd7 33. Nd3 Kf6 34. Ne5 Be8 35. Kf2 Ng6 36. Nxg6 Kxg6 37. g4 fxg4 38. fxg4 Kf7 39. Kg3 Ke7 40. Kf3 Kd6 41. e4 e5 42. Ke3 dxe4 43. Nxe4+ Ke6 44. Nxg5+ Kd5 45. dxe5 Bxb5 46. e6 Kd6 47. Kf4 Bd3 0-1

[Event "*** SCC Grand Prix: Titled Tuesday Blitz"]
[Site "Chess.com"]
[Date "2020.08.11"]
[Round "3"]
[White "sergiochess83"]
[Black "ehrenfeld"]
[Result "1-0"]
[WhiteElo "2825"]
[BlackElo "2550"]
[TimeControl "180+1"]
[EndTime "10:30:17 PDT"]
[Termination "sergiochess83 won on time"]

1. e4 e5 2. Nf3 Nc6 3. Bb5 a6 4. Ba4 Nf6 5. O-O Be7 6. d3 b5 7.
Bb3 d6 8. a4 Bg4 9. c3 O-O 10.
h3 Bxf3 11. Qxf3 Na5 12. Ba2 b4 13. Nd2 c5 14. Nc4 Nc6 15. Qe2 Rb8 16. f4 b3 17. Bb1 Nd7 18. Ra3 Qc7 19. Ne3 Nf6 20. Nf5 Rfe8 21. fxe5 dxe5 22. Qd1 Na5 23. Bg5 Bd8 24. Qf3 Rb6 25. Kh1 Rbe6 26. Ra1 Rf8 27. d4 Ne8 28. d5 Rg6 29. Bxd8 Qxd8 30. Bd3 Nd6 31. Rae1 Qb6 32. Ne3 c4 33. Be2 Qc7 34.
Ng4 Qe7 35. Qf2 Nab7 36. Qf3 Nc5 37. Ne3 Ncxe4 38. Bxc4 Ng3+ 39. Kh2 Nxf1+ 40. Rxf1 Rf6 41. Qe2 Rxf1 42. Qxf1 Nxc4 43. Qxc4 Kh8 44. Qc6 f5 45.
d6 Qe6 46. Nc4 Rd8 47. Qxa6 e4 48. Qb6 Qd7 49. a5 h6 50. Ne5 Qxd6 51. Qxd6 Rxd6 52. Nf7+ 1-0

[Event "*** SCC Grand Prix: Titled Tuesday Blitz"]
[Site "Chess.com"]
[Date "2020.08.11"]
[Round "3"]
[White "vovachesss"]
[Black "Xeniya2005"]
[Result "1-0"]
[WhiteElo "2586"]
[BlackElo "2360"]
[TimeControl "180+1"]
[EndTime "10:30:17 PDT"]
[Termination "vovachesss won by resignation"]

1. d4 Nf6 2. Bf4 d5 3. e3 c5 4.
c3 Nc6 5. Nd2 Qb6 6. Qb3 c4 7. Qc2 g6 8. f3 Nh5 9. Bg5 h6 10. Bh4 Bg7 11. g4 Nf6 12. Bg3 e5 13.
O-O-O exd4 14. exd4 Be6 15. Ne2 O-O-O 16. Nf4 Rhe8 17. h4 g5 18. hxg5 hxg5 19. Nxe6 Rxe6 20.
Qf5 Ne7 21. Qxg5 Rg8 22. Qf4 Ng6 23. Qg5 Rge8 24. f4 Qa5 25. f5 Rb6 26. fxg6 Qxa2 27. Qf5+ Nd7 28. Qb1 Qa4 29. gxf7 Rf8 30. Bh3 Bxd4 31.
Qc2 Qa1+ 32. Nb1 Be3+ 33. Rd2 Bxd2+ 34. Qxd2 Rxf7 35. g5 Qa5 36. Re1 Kd8 37. Bh4 Rg7 38. g6+ Kc7 39. Qf4+ Rd6 40. Bg3 Rxg6 41. Bxd7 Kxd7 42.
Qf7+ Kc6 43. Bxd6 Rxd6 44. Qe8+ Kb6 45. Re6 Qc5 46. Qd8+ Kc6 47. Qc8+ 1-0

[Event "*** SCC Grand Prix: Titled Tuesday Blitz"]
[Site "Chess.com"]
[Date "2020.08.11"]
[Round "3"]
[White "RobertoJBM"]
[Black "amintabatabaei"]
[Result "1/2-1/2"]
[WhiteElo "2717"]
[BlackElo "3026"]
[TimeControl "180+1"]
[EndTime "10:30:19 PDT"]
[Termination "Game drawn - insufficient material"]

1. d4 Nf6 2. c4 g6 3. Nc3 d5 4.
Nf3 Bg7 5. Qb3 dxc4 6. Qxc4 O-O 7. e4 Nc6 8. Be3 Bg4 9. Be2 Bxf3 10. gxf3 e5 11. dxe5 Nxe5 12. Qd4 Qxd4 13. Bxd4 Nh5 14. O-O-O Nf4 15. Bxe5 Bxe5 16. Bc4 c6 17. Ne2 Rfd8 18.
Nxf4 Bxf4+ 19. Kc2 Kg7 20. h3 Kf6 21. Rxd8 Rxd8 22. Rd1 Rxd1 23. Kxd1 h5 24. Ke2 Ke7 25. b3 b5 26. Bd3 Kf6 27. Bc2 Kg5 28. Kf1 Be5 29. a4 a6 30. axb5 axb5 31. Bd3 Kf4 32. Ke2 Bf6 33. Bc2 Ke5 34. Ke3 Bg5+ 35. Kd3 Bd8 36. b4 Be7 37. Kc3 Kf4 38. Bb3 f5 39. Bf7 Kxf3 40. exf5 Bf6+ 41. Kd3 gxf5 42. Bxh5+ Kxf2 43. Be8 Be7 44. Kc3 Bf6+ 45. Kb3 Kg3 46. Bxc6 f4 47.
Bxb5 Kxh3 48. Bc6 Kg3 49. b5 Bd8 50. Kc4 Bb6 51. Kd3 Kf2 52. Ke4 Kg3 53. Kd3 Kf2 54.
Bb7 Bc7 55. Be4 Kg3 56. Ke2 Bb6 57. Bf3 Be3 58. Bb7 Bb6 59. Ba8 Bc5 60. Kd3 Bb6 61.
Be4 Bc5 62. Kc4 Bb6 63. Kd5 f3 64. Bxf3 Kxf3 65. Kd6 Be3 66. Kc6 Ke4 67. b6 Bxb6 1/2-1/2

[Event "*** SCC Grand Prix: Titled Tuesday Blitz"]
[Site "Chess.com"]
[Date "2020.08.11"]
[Round "3"]
[White "Paladin61"]
[Black "eljanov"]
[Result "1-0"]
[WhiteElo "2628"]
[BlackElo "2805"]
[TimeControl "180+1"]
[EndTime "10:30:19 PDT"]
[Termination "Paladin61 won on time"]

1. b3 d5 2. Bb2 Bf5 3. Nf3 e6 4. g3 Nf6 5. Bg2 Nbd7 6. O-O h6 7. d3 c6 8. Nbd2 Bh7 9. a3 Bd6 10. e4 Qc7 11. Qe2 Bc5 12. b4 Be7 13. e5 Ng8 14. c4 dxc4 15. dxc4 h5 16. c5 Nh6 17. Nc4 O-O 18. Rac1 Nf5 19. Rfd1 Rfd8 20. Ne1 h4 21.
g4 Nh6 22. f4 Nf8 23. Nd6 a5 24. h3 axb4 25. axb4 Ra2 26. Ra1 Rda8 27. Rxa2 Rxa2 28.
Ra1 Rxa1 29. Bxa1 b6 30. Bd4 bxc5 31. Bxc5 Nd7 32. Qa6 Nxc5 33. bxc5 g5 34. Nf3 gxf4 35. Nd4 Qb8 36. Qb6 Qa8 37. Nf3 Qa1+ 38. Kh2 Qa2 39.
Qxc6 Kg7 40. Ne8+ Kf8 41. Nd6 Kg7 42. Ne8+ Kf8 43. Nf6 Kg7 44. Nh5+ Kg8 45. Qc8+ Bf8 46. Nf6+ Kg7 47. c6 Bc5 48. Nh5+ Kg6 49. Nxh4+ Kg5 50. Qd8+ 1-0

[Event "*** SCC Grand Prix: Titled Tuesday Blitz"]
[Site "Chess.com"]
[Date "2020.08.11"]
[Round "3"]
[White "Sadykov_Ramil"]
[Black "Mikhail_Golubev"]
[Result "1-0"]
[WhiteElo "2412"]
[BlackElo "2591"]
[TimeControl "180+1"]
[EndTime "10:30:19 PDT"]
[Termination "Sadykov_Ramil won on time"]

1. e4 c5 2. Nf3 d6 3. d4 Nf6 4. Nc3 cxd4 5. Nxd4 g6 6. Be3 Bg7 7. f3 O-O 8. Qd2 Nc6 9. Bc4 Bd7 10. O-O-O Rb8 11. Bb3 Na5 12. h4 b5 13. h5 Nc4 14.
Bxc4 bxc4 15. Kb1 Qb6 16. b3 Qa5 17. Nd5 Qxd2 18. Nxe7+ Kh8 19. Rxd2 Nxh5 20. g4 Nf6 21. Rdh2 Rfe8 22. Nec6 Rbc8 23. Nxa7 Ra8 24. Nab5 Nxe4 25. Rxh7+ Kg8 26. fxe4 Rxe4 27. R7h3 Bxg4 28. Rg3 Be5 29.
Rxg4 Rxg4 30. Nc6 cxb3 31. cxb3 Bg7 32. Nxd6 Rg2 33. Bd4 Bxd4 34. Nxd4 Raxa2 35. Nc4 Rh2 36. Rc1 Rag2 37. b4 Rh4 38. Rd1 Rgg4 39. b5 Rxd4 40. Rxd4 Rxd4 41. Na3 Rb4+ 42. Kc2 g5 43. Kc3 Ra4 44. Kb3 Ra8 45. Nc4 g4 46. Ne3 Rb8 47.
Kc4 Rc8+ 48. Kd5 1-0

[Event "*** SCC Grand Prix: Titled Tuesday Blitz"]
[Site "Chess.com"]
[Date "2020.08.11"]
[Round "3"]
[White "Lenyas66"]
[Black "Pultis"]
[Result "1-0"]
[WhiteElo "2486"]
[BlackElo "2732"]
[TimeControl "180+1"]
[EndTime "10:30:20 PDT"]
[Termination "Lenyas66 won by resignation"]

1. e4 c6 2. d4 d5 3. exd5 cxd5 4. Bd3 Nc6 5. c3 Nf6 6. Bf4 g6 7. Nf3 Bg7 8. O-O O-O 9. Ne5 Nd7 10. Nxd7 Bxd7 11.
Re1 Re8 12. Nd2 e5 13. dxe5 Nxe5 14. Be2 Bf5 15. Qb3 Qb6 16. Qxb6 axb6 17. Bb5 Re6 18. h3 Nd3 19. Bxd3 Bxd3 20. Nf3 Re4 21. Be3 b5 22. a3 Rea4 23. Bd4 Be4 24. Bxg7 Bxf3 25. Bd4 Be4 26. f3 Bf5 27. Rad1 Be6 28. g4 Rc4 29.
Kf2 Rac8 30. h4 Kf8 31. h5 gxh5 32. gxh5 Ke8 33. Rg1 Ke7 34. Rg7 h6 35. Rh7 Rg8 36. Rxh6 Kd7 37. Rg1 Rcc8 38. Rh7 Rxg1 39. Kxg1 Rg8+ 40.
Kf2 Ke7 41. Rh6 Bf5 42. Bf6+ Kd7 43. Be5 Bh3 44. Bg3 Be6 45. Rf6 Kc6 46. h6 Rh8 47.
Be5 Rh7 48. Kg3 Kc5 49. Kh4 Kc4 50. Kg5 Kb3 51. Rxe6 fxe6 52. Kg6 Rxh6+ 53. Kxh6 Kxb2 54. Kg6 Kxa3 55. Kf6 b4 56. cxb4 Kxb4 57. Kxe6 Kc4 58. f4 d4 59. f5 d3 60. Bf4 b5 61. f6 d2 62. Bxd2 b4 63. f7 b3 64. Bc1 Kc3 65. f8=Q Kc2 66. Qc5+ Kb1 67. Qa3 1-0

[Event "*** SCC Grand Prix: Titled Tuesday Blitz"]
[Site "Chess.com"]
[Date "2020.08.11"]
[Round "3"]
[White "Dinamo81"]
[Black "Beca95"]
[Result "0-1"]
[WhiteElo "2651"]
[BlackElo "2886"]
[TimeControl "180+1"]
[EndTime "10:30:21 PDT"]
[Termination "Beca95 won on time"]

1. d4 Nf6 2. Bf4 d5 3. e3 c5 4. Nc3 a6 5. dxc5 e6 6. Na4 Bxc5 7. Nxc5 Qa5+ 8. c3 Qxc5 9. Nf3 O-O 10. Bd3 Nbd7 11.
Ne5 b6 12. O-O Bb7 13. Rc1 Qe7 14. c4 Rfc8 15. Qe2 Nc5 16. Bb1 h6 17. Rfd1 a5 18. cxd5 exd5 19. Nf3 Ba6 20. Qe1 Ne6 21. Be5 Rxc1 22.
Rxc1 Ne4 23. Nd4 N6c5 24. Bf4 Qf6 25. f3 Nd6 26. Qg3 Ne8 27. Be5 Qg5 28. Nf5 Qxg3 29.
hxg3 f6 30. Bd4 Kf7 31. Bxc5 Rc8 32. Nd4 bxc5 33. Nb3 c4 34. Nxa5 Nd6 35. Kf2 Ke6 36. Ke1 Kd7 37. Kd2 Rb8 38. b3 Rb5 39. b4 Rxb4 40. Bc2 Kc7 41. a3 Rb8 42. Ba4 Rb2+ 43.
Rc2 Rxc2+ 44. Kxc2 Bb5 45. Bxb5 Nxb5 46. a4 Na3+ 47.
Kb2 Kb6 48. Kxa3 Kxa5 49. e4 d4 50. f4 d3 51. Kb2 Kb4 52. e5 c3+ 53. Kc1 fxe5 54.
fxe5 Kb3 55. e6 d2+ 56. Kd1 c2+ 57. Kxd2 Kb2 58. e7 c1=Q+ 0-1

[Event "*** SCC Grand Prix: Titled Tuesday Blitz"]
[Site "Chess.com"]
[Date "2020.08.11"]
[Round "3"]
[White "Sergey85Rodchenkov"]
[Black "FeketeBarika"]
[Result "0-1"]
[WhiteElo "2472"]
[BlackElo "2184"]
[TimeControl "180+1"]
[EndTime "10:30:23 PDT"]
[Termination "FeketeBarika won by resignation"]

1. e4 e6 2. d4 d5 3. Nd2 Be7 4. c3 c5 5. Ngf3 Nf6 6. Bd3 O-O 7. O-O Nc6 8. dxc5 dxe4 9. Nxe4 Nxe4 10. Bxe4 Qxd1 11. Rxd1 Bxc5 12. b4 Bb6 13. a4 a6 14.
a5 Bc7 15. Be3 e5 16. h3 f5 17. Bd5+ Kh8 18. Bc5 Re8 19. Bf7 Rd8 20. Rxd8+ Nxd8 21. Bd5 Be6 22. Rd1 e4 23. Ng5 Bxd5 24. Rxd5 h6 25.
Rd7 hxg5 26. Rxc7 Ne6 27. Rxb7 Nxc5 28. bxc5 Rc8 29. Rb6 Rxc5 30. Rxa6 Rxc3 31. Rb6 Rc1+ 32. Kh2 Rc2 33. a6 Kh7 34. a7 Ra2 35. Rb7 Kg6 36. Kg3 Ra3+ 37. Kh2 Kf6 38. g3 Ra2 39. Kg1 Ra1+ 40.
Kg2 Ra2 41. Kf1 f4 42. Ke1 e3 43. gxf4 exf2+ 44. Kf1 gxf4 45. Kg2 g5 46. Kf1 Kf5 47.
Rf7+ Ke5 48. Kg2 Ke4 49. Re7+ Kd3 50. Rd7+ Ke4 51. Re7+ Kf5 52. Rb7 f3+ 53. Kf1 Kf4 54. Rf7+ Kg3 55. Rxf3+ Kxf3 56. a8=Q+ Rxa8 0-1

[Event "*** SCC Grand Prix: Titled Tuesday Blitz"]
[Site "Chess.com"]
[Date "2020.08.11"]
[Round "3"]
[White "talaicito"]
[Black "Siemba"]
[Result "0-1"]
[WhiteElo "2104"]
[BlackElo "2475"]
[TimeControl "180+1"]
[EndTime "10:30:24 PDT"]
[Termination "Siemba won on time"]

1. d4 d5 2. Bf4 c5 3. Nc3 Nc6 4. e3 cxd4 5. exd4 Bf5 6. Nf3 e6 7. Bb5 Bb4 8. O-O Bxc3 9. bxc3 Ne7 10. c4 dxc4 11. Bxc4 O-O 12. Bd3 Nxd4 13. Nxd4 Qxd4 14. Bg5 f6 15. Be3 Qd5 16. Bxf5 Qxf5 17. Qd7 Nd5 18.
Qxb7 Nxe3 19. fxe3 Qxc2 20. Rac1 Qd3 21. Rc7 Qxe3+ 22.
Kh1 Qg5 23. h3 a5 24. Rd1 Rab8 25. Qc6 e5 26. Qe6+ Kh8 27. Ra7 Ra8 28. Rdd7 Rxa7 29. Rxa7 Qc1+ 30. Kh2 Qf4+ 31. Kh1 Rd8 32. Qd7 Qc1+ 33.
Kh2 Qf4+ 34. Kh1 Rg8 35. Rxa5 Qc1+ 36. Kh2 Qf4+ 37. Kh1 e4 38. Qe7 Qc1+ 39. Kh2 e3 40.
Ra7 Qd2 41. Rd7 Qxa2 42. Qxe3 Qa4 43. Qe7 Qc6 44. Qf7 Qc8 45. Re7 Qb8+ 46. Kh1 Qd8 47.
Kh2 Qc8 48. Kh1 Qf8 49. Qe6 Qc8 50. Qf7 Qb8 51. Rb7 Qe8 52. Qc7 Qe1+ 53. Kh2 Qe3 54. Rb8 Qe6 55. Rxg8+ Qxg8 0-1

[Event "*** SCC Grand Prix: Titled Tuesday Blitz"]
[Site "Chess.com"]
[Date "2020.08.11"]
[Round "3"]
[White "Zarinur"]
[Black "talman67"]
[Result "0-1"]
[WhiteElo "2166"]
[BlackElo "2489"]
[TimeControl "180+1"]
[EndTime "10:30:25 PDT"]
[Termination "talman67 won by resignation"]

1. e4 e5 2. Nf3 Nc6 3. Nc3 Nf6 4. Bb5 Nd4 5. Bc4 Bc5 6. O-O d6 7. h3 h6 8. d3 a6 9. Be3 g5 10. Bxd4 exd4 11. Ne2 g4 12. Nfxd4 gxh3 13. g3 Rg8 14. Nb3 Ba7 15. d4 Nxe4 16. Nf4 c6 17. Bxf7+ Kxf7 18. Qh5+ Kf8 19. Qxh6+ Ke8 20. Qh5+ Kf8 21. Qh6+ Ke7 22. Qh7+ Kf6 23. Qxe4 Bf5 24. Qf3 Bg4 25. Qe4 Qe8 26. Qxe8 Raxe8 27. Rae1 Bf3 28. Rxe8 Rxe8 29. Nxh3 Rh8 30.
Nd2 Bd5 31. Kh2 Be6 32. Ne4+ Kg6 33. Ng5 Bf5 34. Kg2 Bxd4 35. c3 Bf6 36. f4 Re8 37. Kf2 b5 38. Re1 Rh8 39. Kg2 d5 40. g4 Bxg4 41. Rh1 Bxg5 42. Kg3 Rxh3+ 43. Rxh3 Bxh3 44.
fxg5 Bf5 45. Kf4 Bb1 46. a3 a5 47. Ke5 Kxg5 48. Kd6 Bd3 49. Kxc6 Bc4 50. b3 Bxb3 51.
Kxb5 a4 52. Kc5 Kf4 53. Kd4 Kf3 54. Kc5 Ke3 55. Kb5 Kd3 56. Kb4 Kc2 57. Kc5 Kxc3 0-1

[Event "*** SCC Grand Prix: Titled Tuesday Blitz"]
[Site "Chess.com"]
[Date "2020.08.11"]
[Round "3"]
[White "UKR_Master"]
[Black "teacher4chess"]
[Result "1-0"]
[WhiteElo "2301"]
[BlackElo "2039"]
[TimeControl "180+1"]
[EndTime "10:30:25 PDT"]
[Termination "UKR_Master won by checkmate"]

1. e4 Nf6 2. e5 Nd5 3. c4 Nb6 4. a4 a5 5. c5 Nd5 6. Nc3 Nxc3 7. dxc3 d6 8. Bc4 Bf5 9. Bf4 Nc6 10. exd6 exd6 11.
Qb3 Qe7+ 12. Ne2 O-O-O 13. O-O dxc5 14. Ng3 Bg6 15. Rfe1 Qf6 16. Be3 Bd6 17. Bd5 Bxg3 18. hxg3 Bc2 19. Qc4 Ne5 20. Qxc5 Nd3 21. Qxa5 Nxe1 22.
Rxe1 Qa6 23. Qc5 Qd6 24. Qxd6 Rxd6 25. Bxf7 Bxa4 26. Ra1 Rd1+ 27. Rxd1 Bxd1 28. Bd4 Rf8 29. Be6+ Kb8 30. Bxg7 Re8 31. Bf5 Re1+ 32. Kh2 h5 33. Bd4 Re2 34. b4 b6 35. b5 Bc2 36. Bd7 Bd3 37.
Kh3 Bxb5 38. Bxb5 Kb7 39. Bxe2 c5 40. Bf3+ Ka6 41. Be3 Kb5 42. Bxh5 Kc4 43. Bd2 Kd3 44. Be3 Kxc3 45. Bf7 c4 46. Bxb6 Kb4 47. Bxc4 Kxc4 48.
Be3 Kd5 49. g4 Ke6 50. Kh4 Kf6 51. Kh5 Kg7 52. g5 Kg8 53. g6 Kg7 54. Bd4+ Kg8 55. Kh6 Kf8 56. Kh7 Ke7 57. g7 Ke6 58. g8=Q+ Kf5 59.
Qd5+ Kg4 60. Qe4+ Kg5 61. Kg7 Kh5 62. f3 Kg5 63. Qg4# 1-0

[Event "*** SCC Grand Prix: Titled Tuesday Blitz"]
[Site "Chess.com"]
[Date "2020.08.11"]
[Round "3"]
[White "rynos0411"]
[Black "ENEASZ"]
[Result "0-1"]
[WhiteElo "2361"]
[BlackElo "2586"]
[TimeControl "180+1"]
[EndTime "10:30:26 PDT"]
[Termination "ENEASZ won by resignation"]

1. d4 Nf6 2. c4 e6 3. Nf3 d5 4. Nc3 a6 5. cxd5 exd5 6. Bf4 Bd6 7. Bg3 O-O 8. e3 Re8 9. Bd3 Bg4 10. O-O c6 11.
Rc1 Bxg3 12. hxg3 Ne4 13. Qc2 f5 14. Ne5 Bh5 15. a3 Nd7 16. Nxd7 Qxd7 17. Na4 Nd6 18. Nb6 Qf7 19. Nxa8 Rxa8 20. Qc5 Qf6 21. b4 Rf8 22. a4 Be8 23. Rb1 Ne4 24. Bxe4 fxe4 25. b5 axb5 26. axb5 Qg5 27. bxc6 Bxc6 28. Rb6 Rf6 29.
Qe7 h5 30. Rc1 h4 31. gxh4 Qxh4 32. Rc2 Kh7 33. Rb1 Qh5 34. Qe5 Rf5 35. Qh2 Qxh2+ 36. Kxh2 Kg6 37. Kg3 Kg5 38. f3 exf3 39. gxf3 Rf8 40. Rbc1 Re8 41. Rc3 Kf5 42. Kf2 g5 43. Rc5 Rh8 44. e4+ Kf4 45. exd5 Bd7 46. d6 Rh2+ 47.
Kg1 Rd2 48. d5 Kg3 49. R5c2 Rxd5 50. Rg2+ Kf4 51. Rf1 Bh3 52. Rh2 Bxf1 53. Kxf1 Rd1+ 54. Ke2 Rxd6 55. Rh7 Re6+ 56. Kf2 b6 57. Rb7 Rf6 58. Re7 Kf5 59. Ke3 Re6+ 0-1

[Event "*** SCC Grand Prix: Titled Tuesday Blitz"]
[Site "Chess.com"]
[Date "2020.08.11"]
[Round "3"]
[White "GMHess"]
[Black "Meri-Arabidze"]
[Result "1-0"]
[WhiteElo "2823"]
[BlackElo "2612"]
[TimeControl "180+1"]
[EndTime "10:30:27 PDT"]
[Termination "GMHess won on time"]

1. d4 d5 2. Nf3 Nf6 3. g3 e6 4. Bg2 b5 5. O-O Be7 6. a4 b4 7. c4 bxc3 8. Nxc3 O-O 9. Bf4 c5 10. Nb5 Na6 11. dxc5 Bxc5 12. Rc1 Ne4 13. Ne5 Qf6 14.
Nd3 Be7 15. Be5 Qh6 16. Bd4 Bd7 17. Nc7 Nxc7 18. Rxc7 Rfd8 19. Rxa7 Qd2 20. Bxe4 Qxd1 21. Bxh7+ Kxh7 22. Rxd1 Rxa7 23. Bxa7 Bxa4 24. Rc1 Bf6 25. Rc7 Kg8 26. b4 Bb5 27. Bc5 Ra8 28. Rb7 Ra1+ 29. Kg2 Bc4 30. b5 d4 31. Rb8+ Kh7 32. b6 Bd5+ 33.
Kh3 Rb1 34. Rf8 e5 35. f3 Rb3 36. Nb4 Be6+ 37. Kg2 d3 38. exd3 Rb2+ 39. Kf1 e4 40.
fxe4 Bh3+ 41. Ke1 Bc3+ 42. Kd1 Bxb4 43. b7 Bxc5 44. b8=Q Rxb8 45. Rxb8 Bg4+ 46. Kd2 Bg1 47. Rb5 Bxh2 48. Rg5 Bf3 49. Ke3 Bd1 50. Kf4 Bg1 51.
Rb5 Bf2 52. Rb1 Bh5 53. Rh1 1-0

[Event "*** SCC Grand Prix: Titled Tuesday Blitz"]
[Site "Chess.com"]
[Date "2020.08.11"]
[Round "3"]
[White "chegueps"]
[Black "MarcoRiehle"]
[Result "0-1"]
[WhiteElo "2456"]
[BlackElo "2744"]
[TimeControl "180+1"]
[EndTime "10:30:27 PDT"]
[Termination "MarcoRiehle won by checkmate"]

1. e4 e5 2. Qh5 Nc6 3. Bc4 g6 4. Qf3 Nf6 5. Ne2 d6 6. h3 Be6 7.
Bxe6 fxe6 8. Qb3 Qd7 9. d3 O-O-O 10. Nbc3 d5 11. O-O Nd4 12. Nxd4 exd4 13. e5 Nh5 14. Nb5 Bc5 15. g4 Ng7 16. Bg5 Rdf8 17. c3 dxc3 18. d4 Bb6 19. bxc3 a6 20. Na3 Rf3 21. Kg2 Rhf8 22.
Bf6 Rf4 23. f3 h6 24. Bh4 g5 25. Bg3 R4f7 26. Nc2 h5 27. a4 h4 28. Be1 Ne8 29. Bd2 Ba7 30. Bxg5 Rg8 31. Bd2 Ng7 32. Rab1 c6 33. Ne1 Nh5 34. Nd3 Ng3 35. Rf2 Rgf8 36. Bh6 Rh8 37. Bg5 Rg7 38. Bf6 Rf8 39. Bxh4 Nf5 40. Bf6 Ne3+ 41. Kg3 Rh7 42. h4 Rg8 43.
h5 Qf7 44. Kf4 Nc4 45. Rh2 Bb8 46. Kg3 Qxf6 47. Qxb7+ Rxb7 48. Rxb7 Kxb7 49. Nc5+ Kc8 50.
Nxa6 Bxe5+ 51. dxe5 Qxe5+ 52. Kh3 Ne3 53. Re2 Qf4 54.
Rf2 Rxg4 55. fxg4 Qxf2 56. Nc5 Qg2+ 57. Kh4 Qxg4# 0-1

[Event "*** SCC Grand Prix: Titled Tuesday Blitz"]
[Site "Chess.com"]
[Date "2020.08.11"]
[Round "3"]
[White "Warre"]
[Black "pooh2012"]
[Result "1-0"]
[WhiteElo "2578"]
[BlackElo "2351"]
[TimeControl "180+1"]
[EndTime "10:30:27 PDT"]
[Termination "Warre won by resignation"]

1. d4 Nf6 2. c4 e6 3. Nc3 Bb4 4. g3 O-O 5. Bg2 d5 6. Nf3 dxc4 7. O-O c5 8. dxc5 Na6 9. Ne5 Nxc5 10. Nxc4 Bd7 11.
Ne5 Qc8 12. Nxd7 Ncxd7 13. Bd2 Rd8 14. a3 Be7 15. Rc1 Qb8 16. b4 a6 17. Qb3 Nb6 18. Rfd1 Nbd5 19. Nxd5 Nxd5 20. e4 Nf6 21. Bf4 Rxd1+ 22.
Qxd1 e5 23. Be3 a5 24. Qb3 axb4 25. axb4 b5 26. f3 Ra4 27. Bd2 Qd8 28. Bc3 Qb6+ 29.
Kf1 Qe3 30. Rb1 Qd3+ 31. Kg1 Qe3+ 32. Kh1 h5 33. Bxe5 Qxb3 34. Rxb3 Rxb4 35. Rxb4 Bxb4 36. Bf1 Nd7 37. Bb2 Bc5 38. Bxb5 Nf8 39. Kg2 g6 40. f4 Ne6 41. Bc4 Nd4 42. Bc3 Kf8 43. h3 Nc6 44. Bd5 Ne7 45. Bb7 Ng8 46. Kf3 f6 47.
Bd5 Kg7 48. Bxg8 Kxg8 49. Bxf6 Kf7 50. Bc3 Bf8 51. g4 hxg4+ 52. hxg4 Be7 53. f5 gxf5 54. gxf5 Bg5 55. e5 Ke7 56. Ke4 Kf7 57. e6+ Ke8 58. f6 Bh6 59. Kf5 Bf8 60. Be5 Bc5 61. Kg6 Bb4 62. Kg7 Kd8 63. Kf7 Bc5 64. e7+ Bxe7 65.
fxe7+ Kd7 1-0

[Event "*** SCC Grand Prix: Titled Tuesday Blitz"]
[Site "Chess.com"]
[Date "2020.08.11"]
[Round "3"]
[White "Grieve72"]
[Black "louis198"]
[Result "0-1"]
[WhiteElo "2350"]
[BlackElo "2577"]
[TimeControl "180+1"]
[EndTime "10:30:28 PDT"]
[Termination "louis198 won by resignation"]

1. e4 e6 2. d4 d5 3. Nd2 Nc6 4.
Ngf3 Nf6 5. e5 Nd7 6. Nb3 f6 7. Bf4 fxe5 8. dxe5 Be7 9. g3 O-O 10. h4 a5 11. Bd3 h6 12. c3 a4 13. Nbd4 Nc5 14. Bc2 Bd7 15. Nxc6 bxc6 16. Nd4 Rb8 17. Rb1 Ne4 18. Qg4 h5 19. Qxh5 c5 20. Nf3 Qe8 21. Qg4 Rf5 22. Nd2 Nxd2 23. Kxd2 Rf8 24. h5 Rf5 25. Bxf5 exf5 26. Qg6 Qxg6 27. hxg6 Rb6 28. b3 a3 29. Ke3 Rxg6 30. Rhd1 c6 31. b4 c4 32. b5 cxb5 33. Rxd5 Bc6 34. Rd2 Re6 35. Ke2 g5 36. Be3 Rxe5 37. f4 gxf4 38. gxf4 Re6 39. Kf2 Kf7 40. Rg1 Bh4+ 41. Ke2 Be7 42.
Kf2 Bh4+ 43. Ke2 Bf6 44. Rc2 Be4 45. Rcc1 Bd3+ 46. Kd2 b4 47. cxb4 Bb2 48. Rg2 Be4 49. Rc2 Bxg2 50. Bd4 Bxd4 51. Rxc4 Be3+ 52. Kd3 Bd5 53.
Kc3 Bxc4 54. Kxc4 0-1